[Event "Titled Tuesday Blitz April 4 Early 2023"]
[White "Staudenhocker43"]
[Black "crosky"]
[WhiteElo "2533"]
[BlackElo "2368"]
[Result "1-0"]
[Round "09"]
[TimeControl "180+2"]
[Date "2023.04.04"]
[WhiteClock "0:01:44"]
[BlackClock "0:00:01"]

1. Nf3 Nf6 2. b3 g6 3. Bb2 Bg7 4. c4 O-O 5. g3 c6 6. Bg2 d5 7. O-O Bf5 8. d4 Ne4 9. Nbd2 Nd7 10. Rc1 Ndf6 11. Ne5 Nxd2 12. Qxd2 Ne4 13. Qf4 f6 14. Nd3 Rc8 15. Qe3 Ng5 16. cxd5 cxd5 17. Rxc8 Bxc8 18. Rc1 Nf7 19. Nf4 e5 20. Nxd5 Be6 21. Nc7 1-0


[Site "https://www.chess.com"]

[Event "Titled Tuesday Blitz April 4 Early 2023"]
[White "HamedWafa4"]
[Black "Yu, Jason"]
[BlackFideId "30907624"]
[WhiteElo "2367"]
[BlackElo "2491"]
[Result "0-1"]
[Round "09"]
[TimeControl "180+2"]
[Date "2023.04.04"]
[WhiteClock "0:00:02"]
[BlackClock "0:00:28"]

1. e4 e5 2. Nf3 Nc6 3. Bb5 a6 4. Ba4 Nf6 5. O-O b5 6. Bb3 Bc5 7. d3 h6 8. Nc3 d6 9. a4 Rb8 10. axb5 axb5 11. Ne2 O-O 12. Ng3 Be6 13. c3 b4 14. Bc2 b3 15. Bb1 d5 16. d4 dxe4 17. Nxe4 Bb6 18. Nxf6+ Qxf6 19. Be4 Bc4 20. Re1 exd4 21. Bxc6 dxc3 22. bxc3 Qxc6 23. Ne5 Bxf2+ 24. Kxf2 Qc5+ 25. Qd4 Qxd4+ 26. cxd4 b2 27. Rb1 bxc1=Q 28. Rbxc1 Rb2+ 29. Kg3 Bd5 30. Nf3 c6 31. Re7 Ra8 32. Nh4 Raa2 33. Rf1 f6 34. Re8+ Kf7 35. Rc8 g5 36. Rc7+ Ke6 37. Ng6 Rxg2+ 38. Kh3 Rxh2+ 39. Kg4 Rag2# 0-1


[Site "https://www.chess.com"]

[Event "Titled Tuesday Blitz April 4 Early 2023"]
[White "Tokman, Ariel"]
[Black "Garrido, Denis"]
[WhiteFideId "117420"]
[BlackFideId "601217"]
[WhiteElo "2263"]
[BlackElo "2359"]
[Result "0-1"]
[Round "09"]
[TimeControl "180+2"]
[Date "2023.04.04"]
[WhiteClock "0:00:12"]
[BlackClock "0:00:14"]

1. e4 e5 2. Nf3 Nc6 3. Bb5 a6 4. Ba4 Nf6 5. d3 b5 6. Bb3 Bc5 7. a4 Rb8 8. O-O d6 9. Nc3 h6 10. h3 O-O 11. Be3 Bxe3 12. fxe3 Re8 13. axb5 axb5 14. Qe1 Be6 15. Nd5 Bxd5 16. exd5 Ne7 17. e4 Ng6 18. Nh4 Nxh4 19. Qxh4 Nh7 20. Qf2 Qe7 21. c3 Nf8 22. Ra7 Ra8 23. Rfa1 Rxa7 24. Rxa7 Qd8 25. Rb7 Qg5 26. Rxb5 Ng6 27. Kh2 Ra8 28. Bd1 Ra1 29. Bg4 h5 30. Bf5 h4 31. Rb8+ Kh7 32. Bg4 Qc1 0-1


[Site "https://www.chess.com"]

[Event "Titled Tuesday Blitz April 4 Early 2023"]
[White "Gallegos Diaz, Carlos Alberto"]
[Black "Przybylski, Wojciech"]
[WhiteFideId "3900886"]
[BlackFideId "1117599"]
[WhiteElo "2362"]
[BlackElo "2222"]
[Result "0-1"]
[Round "09"]
[TimeControl "180+2"]
[Date "2023.04.04"]
[WhiteClock "0:00:04"]
[BlackClock "0:00:10"]

1. e4 c5 2. Nf3 d6 3. d3 e5 4. Nbd2 Nc6 5. h3 f5 6. c3 Nf6 7. a3 Be7 8. b4 Be6 9. Be2 O-O 10. Bb2 Nh5 11. b5 Na5 12. exf5 Rxf5 13. g4 Rxf3 14. Nxf3 Nf4 15. Bf1 c4 16. dxc4 Nxc4 17. Bc1 Qa5 18. Bxf4 exf4 19. Be2 Qxc3+ 20. Kf1 d5 21. Nd4 Bf7 22. Nf5 Bc5 23. Rc1 Qxa3 24. Rh2 Re8 25. Bd3 f3 26. Kg1 Re2 27. Bxe2 fxe2 28. Qe1 Bb4 29. Qxe2 Qxc1+ 30. Kg2 Qf4 31. h4 h5 32. Rh3 hxg4 33. Rg3 Qxf5 34. Qxg4 Qxg4 35. Rxg4 Bd6 36. Rd4 Kf8 37. Rd1 a6 38. h5 axb5 39. Kh3 b4 40. f4 b3 41. Kh4 b2 42. f5 Bf4 43. Rb1 Bc1 44. h6 gxh6 45. f6 Nd2 46. Kh3 Nxb1 0-1


[Site "https://www.chess.com"]

[Event "Titled Tuesday Blitz April 4 Early 2023"]
[White "Golubev, Mikhail"]
[Black "Polanco Nunez, Yoel Estarling"]
[WhiteFideId "14100983"]
[BlackFideId "6401783"]
[WhiteElo "2374"]
[BlackElo "2132"]
[Result "0-1"]
[Round "09"]
[TimeControl "180+2"]
[Date "2023.04.04"]
[WhiteClock "0:00:09"]
[BlackClock "0:00:42"]

1. e4 c5 2. Nf3 d6 3. d4 cxd4 4. Nxd4 Nf6 5. Nc3 a6 6. Bc4 e6 7. Bb3 b5 8. O-O Be7 9. Qf3 Qc7 10. Qg3 O-O 11. Bh6 Ne8 12. Rad1 Kh8 13. Be3 Nc6 14. Nxc6 Qxc6 15. a4 Bb7 16. axb5 axb5 17. f3 Nf6 18. e5 dxe5 19. Bg5 Qc5+ 20. Kh1 Rfd8 21. Rde1 b4 22. Rxe5 Qb6 23. Na4 Qc6 24. Bxf6 gxf6 25. Rh5 Rg8 26. Qh4 Rg7 27. Qxb4 Bxb4 0-1


[Site "https://www.chess.com"]

[Event "Titled Tuesday Blitz April 4 Early 2023"]
[White "Fernandez Siles, Luis"]
[Black "Shapiro, Viktor"]
[WhiteFideId "2209420"]
[BlackFideId "4175700"]
[WhiteElo "2195"]
[BlackElo "2152"]
[Result "0-1"]
[Round "09"]
[TimeControl "180+2"]
[Date "2023.04.04"]
[WhiteClock "0:00:10"]
[BlackClock "0:01:10"]

1. d4 Nf6 2. c4 c5 3. d5 e6 4. Nc3 exd5 5. cxd5 Bd6 6. g3 Bc7 7. Bg2 d6 8. Nf3 a6 9. a4 O-O 10. O-O Re8 11. Nd2 Nbd7 12. Nc4 Ne5 13. Nxe5 Rxe5 14. Bf4 Re8 15. Qd3 Rb8 16. Ne4 Bf5 17. Nxf6+ Qxf6 18. e4 Bd7 19. Rfe1 Qxb2 20. Bd2 Qf6 21. Bc3 Qg6 22. f4 h5 23. f5 Qh6 24. Bd2 Qf6 25. Bc3 Qg5 26. h4 Qe7 27. f6 gxf6 28. Qd2 Bd8 29. Rf1 f5 30. Qh6 f6 31. Qxh5 Qf7 32. Qh6 Qg7 33. Qf4 fxe4 34. Bxf6 Bxf6 35. Qxf6 Qxg3 0-1


[Site "https://www.chess.com"]

[Event "Titled Tuesday Blitz April 4 Early 2023"]
[White "Nguyen, Hong Anh"]
[Black "Romero Ruscalleda, Josep"]
[WhiteFideId "12406732"]
[BlackFideId "2231859"]
[WhiteElo "2054"]
[BlackElo "2183"]
[Result "1-0"]
[Round "09"]
[TimeControl "180+2"]
[Date "2023.04.04"]
[WhiteClock "0:00:37"]
[BlackClock "0:00:16"]

1. e4 g6 2. d4 Bg7 3. Nf3 d6 4. Be2 Nf6 5. Nc3 O-O 6. O-O a6 7. h3 b5 8. e5 Nfd7 9. Bf4 Nc6 10. Re1 dxe5 11. dxe5 Ndxe5 12. Nxe5 Nxe5 13. Bxe5 Bxe5 14. Bf3 Bxc3 15. bxc3 Be6 16. Bxa8 Qxa8 17. a4 Qc6 18. axb5 axb5 19. Qd4 Re8 20. Re5 Bc4 21. Rae1 e6 22. h4 Re7 23. h5 Rd7 24. Qf4 f5 25. Qg5 Kg7 26. hxg6 hxg6 27. R5e3 Bd5 28. Rg3 e5 29. Qxf5 Re7 30. Rxe5 Rf7 31. Qg5 Be4 32. Re7 Bxc2 33. Rxf7+ Kxf7 34. Rf3+ Kg7 35. Qe7+ Kh6 36. Rh3# 1-0


[Site "https://www.chess.com"]

[Event "Titled Tuesday Blitz April 4 Early 2023"]
[White "Lach, Aleksandra"]
[Black "Arat, Ufuk Sezen"]
[WhiteFideId "1134299"]
[BlackFideId "6309089"]
[WhiteElo "2111"]
[BlackElo "2289"]
[Result "1-0"]
[Round "09"]
[TimeControl "180+2"]
[Date "2023.04.04"]
[WhiteClock "0:00:08"]
[BlackClock "0:00:03"]

1. c4 e5 2. g3 Nf6 3. Bg2 d5 4. cxd5 Nxd5 5. Nc3 Nb6 6. Nf3 Nc6 7. O-O Be7 8. d3 O-O 9. a3 Be6 10. b4 f6 11. Bb2 Qd7 12. Ne4 a5 13. b5 Nd8 14. a4 c6 15. d4 Nc4 16. Bc3 cxb5 17. axb5 Qxb5 18. dxe5 Nxe5 19. Nd4 Qb6 20. Rb1 Qa6 21. Nb5 Rc8 22. Bxe5 fxe5 23. Ned6 Rc5 24. Be4 h6 25. Qd3 Nc6 26. Bh7+ Kh8 27. Rfd1 Nd4 28. Nxd4 Qxd3 29. Bxd3 exd4 30. Nxb7 Rc7 31. Nxa5 Ra8 32. Ra1 Rca7 33. Be4 Re8 34. Nc6 Rxa1 35. Rxa1 Bc5 36. Bf3 Bc4 37. Re1 Bb5 38. Rd1 Bxe2 39. Bxe2 Rxe2 40. Nxd4 Ra2 41. Kg2 Kh7 42. Kf3 h5 43. Ke3 Ra3+ 44. Ke4 Ra4 45. f4 Ra2 46. h4 Ra3 47. Nf5 Ra7 48. Kf3 g6 49. Nd4 Rd7 50. Ke4 Re7+ 51. Kd5 Ba7 52. Kd6 Re3 53. Ne6 Rxg3 54. Rb1 Rd3+ 55. Ke5 Rd7 56. Nf8+ Kh6 57. Nxd7 Bf2 58. Ke6 Bxh4 59. Ne5 Bg3 60. Nf7+ Kg7 61. Ng5 Bxf4 62. Nf3 g5 63. Rg1 Kh6 64. Kf5 Be3 65. Rg2 g4 66. Ne5 Bd4 67. Nf7+ Kg7 68. Nd6 Kh6 69. Ne4 Be3 70. Rh2 Bg1 71. Rh1 Be3 72. Ng3 Bf2 73. Nxh5 g3 74. Nxg3+ Kg7 75. Ne4 Be3 76. Rh3 Bd4 77. Rd3 Bb6 78. Rd6 1-0


[Site "https://www.chess.com"]

[Event "Titled Tuesday Blitz April 4 Early 2023"]
[White "Fajdetic, Hrvoje"]
[Black "Iljin, Timofey"]
[WhiteFideId "14501945"]
[BlackFideId "14110180"]
[WhiteElo "2185"]
[BlackElo "2382"]
[Result "1-0"]
[Round "09"]
[TimeControl "180+2"]
[Date "2023.04.04"]
[WhiteClock "0:01:06"]
[BlackClock "0:01:24"]

1. f4 e5 2. fxe5 d6 3. exd6 Bxd6 4. Nf3 g5 5. g3 g4 6. Nh4 Ne7 7. d4 Ng6 8. Ng2 h5 9. Nc3 h4 10. gxh4 Nxh4 11. Ne4 Nxg2+ 12. Bxg2 Qh4+ 13. Kf1 Bxh2 14. Bg5 g3 15. Bxh4 Rxh4 16. Qd3 Rf4+ 17. Ke1 Bf5 18. Qb5+ Nd7 19. Qxb7 Rb8 20. Qxc7 Bxe4 21. Qxf4 Bxg2 22. Rxh2 gxh2 23. Qxh2 Be4 24. b3 Ke7 25. c4 Rg8 26. Kd2 Rg2 27. Qh4+ f6 28. Qxe4+ 1-0


[Site "https://www.chess.com"]

[Event "Titled Tuesday Blitz April 4 Early 2023"]
[White "Rosenberg, Evan S"]
[Black "Toktomushev, Teimur"]
[WhiteFideId "2019299"]
[BlackFideId "14176726"]
[WhiteElo "2227"]
[BlackElo "2116"]
[Result "0-1"]
[Round "09"]
[TimeControl "180+2"]
[Date "2023.04.04"]
[WhiteClock "0:00:10"]
[BlackClock "0:00:04"]

1. d4 d5 2. Nf3 Nf6 3. c3 c5 4. dxc5 e6 5. Be3 Nc6 6. b4 Ng4 7. Bg5 f6 8. Bh4 a5 9. h3 Nge5 10. Nxe5 Nxe5 11. e4 axb4 12. cxb4 dxe4 13. Qxd8+ Kxd8 14. Nc3 b6 15. Rd1+ Kc7 16. Bg3 bxc5 17. Bxe5+ fxe5 18. b5 Ra3 19. Rc1 g6 20. Bc4 Bh6 21. Rc2 Bb7 22. O-O Rd8 23. Rb1 Rd2 24. b6+ Kb8 25. Rxd2 Bxd2 26. Nb5 Ra4 27. Bxe6 e3 28. fxe3 Bxe3+ 29. Kh1 Rb4 30. Rxb4 cxb4 31. Bb3 Bxb6 32. Nd6 Bc5 33. Nxb7 Kxb7 34. g4 Kc6 35. Kg2 e4 36. Kf1 Kd6 37. Ke2 Ke5 38. h4 Kf4 39. h5 Kxg4 40. hxg6 hxg6 41. Be6+ Kf4 42. Bh3 g5 43. Bg2 g4 44. Bh1 Bd4 45. Bg2 Bc3 46. Bh1 e3 47. Bg2 Bd2 48. Bh1 Kg3 49. Kf1 Kh2 50. Be4 g3 51. Bf3 Bc1 52. Be4 g2+ 53. Bxg2 e2+ 54. Kxe2 Kxg2 55. Kd1 Ba3 56. Ke2 Kg3 57. Ke3 Bb2 58. Ke4 Kf2 59. Kd3 Ba3 60. Kd2 Kf3 61. Kd3 Bb2 62. Kc2 Ba3 63. Kd3 Kf4 64. Kd4 Kf5 65. Kd5 Kf6 66. Kd6 b3+ 0-1


[Site "https://www.chess.com"]

[Event "Titled Tuesday Blitz April 4 Early 2023"]
[White "Aponte Ramos, Argimiro"]
[Black "Pranav Anand"]
[WhiteFideId "3900568"]
[BlackFideId "46626786"]
[WhiteElo "2216"]
[BlackElo "2389"]
[Result "0-1"]
[Round "09"]
[TimeControl "180+2"]
[Date "2023.04.04"]
[WhiteClock "0:00:01"]
[BlackClock "0:01:00"]

1. g4 d6 2. Bg2 c6 3. g5 h6 4. h4 e5 5. d3 Be6 6. c4 Ne7 7. Nc3 Nf5 8. Nf3 Nd7 9. Bd2 Be7 10. b4 Qc7 11. b5 Rc8 12. bxc6 bxc6 13. Rb1 h5 14. Rb2 Nc5 15. Qb1 O-O 16. Be3 Nxe3 17. fxe3 Rb8 18. Kf2 Rxb2 19. Qxb2 Rb8 20. Qc2 d5 21. cxd5 cxd5 22. Rc1 e4 23. dxe4 dxe4 24. Nd4 Bd6 25. Nxe4 Nxe4+ 26. Bxe4 Qd7 27. Qc6 Qe7 28. Bf5 Bxa2 29. Qc8+ Rxc8 30. Rxc8+ Qf8 31. Rxf8+ Bxf8 32. g6 a5 33. gxf7+ Bxf7 34. Bd7 Be7 35. Nf5 Bc5 0-1


[Site "https://www.chess.com"]

[Event "Titled Tuesday Blitz April 4 Early 2023"]
[White "Averjanov, Alexey"]
[Black "Ruperez Benito, Antonio"]
[WhiteFideId "14109867"]
[BlackFideId "22245049"]
[WhiteElo "2673"]
[BlackElo "2273"]
[Result "1-0"]
[Round "09"]
[TimeControl "180+2"]
[Date "2023.04.04"]
[WhiteClock "0:00:38"]
[BlackClock "0:01:23"]

1. d4 e6 2. c4 d5 3. Nf3 Nf6 4. e3 Be7 5. Nbd2 O-O 6. Bd3 a6 7. O-O dxc4 8. Nxc4 c5 9. dxc5 Bxc5 10. a3 b5 11. Nce5 Bb7 12. b4 Bd6 13. Bb2 Qe7 14. Qe2 Rd8 15. Ng5 Bxe5 16. Bxe5 h6 17. Nf3 Nc6 18. Bb2 Rac8 19. Rfd1 Nd5 20. Rac1 Nb6 21. h3 Na4 22. Ba1 e5 23. Bf5 Rxd1+ 24. Rxd1 Re8 25. Rd7 Qf6 26. Be4 Ba8 27. Bd5 Re7 28. Bxc6 Bxc6 29. Rxe7 Qxe7 30. Nxe5 Bd5 31. Qg4 Qc7 32. Bd4 Be6 33. Qg3 Nc3 34. Kh2 Ne2 35. Qf3 Nxd4 36. exd4 f6 37. Qa8+ Kh7 38. Qe4+ Kh8 39. Qc6 1-0


[Site "https://www.chess.com"]

[Event "Titled Tuesday Blitz April 4 Early 2023"]
[White "Klepikov, Nikita"]
[Black "EREBUNI91"]
[WhiteFideId "24145220"]
[WhiteElo "2025"]
[BlackElo "2635"]
[Result "0-1"]
[Round "09"]
[TimeControl "180+2"]
[Date "2023.04.04"]
[WhiteClock "0:00:01"]
[BlackClock "0:02:09"]

1. e4 c5 2. Nf3 e6 3. d4 cxd4 4. Nxd4 a6 5. Nc3 b5 6. Bd3 Bc5 7. Nb3 Be7 8. O-O Bb7 9. e5 Nc6 10. f4 h5 11. Ne4 Qc7 12. a4 b4 13. a5 Nh6 14. Be3 Nf5 15. Bb6 Qc8 16. Nec5 Ne3 17. Qd2 Nxf1 18. Rxf1 g6 19. Nxb7 Qxb7 20. Be4 O-O 21. g4 hxg4 22. Qe2 Kg7 23. Qxg4 Rh8 24. Kh1 Rh4 25. Qg3 Rah8 26. Rf2 Qc8 27. Rg2 R8h6 28. Qe3 Rh3 29. Qe2 Bd8 30. Bf2 Nxa5 31. Bd3 Nxb3 32. Bxa6 Nc1 33. Qf1 Qxc2 34. Bd4 Rxh2+ 0-1


[Site "https://www.chess.com"]

[Event "Titled Tuesday Blitz April 4 Early 2023"]
[White "Skaric, Djuro"]
[Black "Vlassov, Nikolai"]
[WhiteFideId "934569"]
[BlackFideId "4103360"]
[WhiteElo "2282"]
[BlackElo "2324"]
[Result "0-1"]
[Round "09"]
[TimeControl "180+2"]
[Date "2023.04.04"]
[WhiteClock "0:01:12"]
[BlackClock "0:00:21"]

1. g3 h5 2. Bg2 h4 3. gxh4 e5 4. d4 exd4 5. Nf3 Nc6 6. c3 dxc3 7. Nxc3 Bb4 8. O-O Bxc3 9. bxc3 d6 10. Bg5 f6 11. Qd3 Nge7 12. Bf4 Ne5 13. Qb5+ c6 14. Qb1 Qb6 15. Qc2 Bf5 16. e4 Bg4 17. Nd4 Rxh4 18. Bg3 Rh5 19. Rab1 Qa6 20. f4 Nc4 21. f5 Kf7 22. Rb4 b5 23. e5 dxe5 24. Nxc6 Nxc6 25. Rb3 Ne3 26. Qd3 Nxg2 27. Qd7+ Ne7 28. Rxb5 Qc6 29. Qxc6 Nxc6 30. Rb7+ Kg8 31. Kxg2 Bh3+ 32. Kf2 Bxf1 33. Kxf1 Rxf5+ 0-1


[Site "https://www.chess.com"]

[Event "Titled Tuesday Blitz April 4 Early 2023"]
[White "Todorovic, Bojan"]
[Black "Kozin, Yuri"]
[WhiteFideId "917087"]
[BlackFideId "4129920"]
[WhiteElo "2266"]
[BlackElo "2555"]
[Result "1/2-1/2"]
[Round "09"]
[TimeControl "180+2"]
[Date "2023.04.04"]
[WhiteClock "0:00:04"]
[BlackClock "0:00:06"]

1. d4 d5 2. c4 c6 3. Nf3 Nf6 4. e3 Bf5 5. Nc3 e6 6. Bd3 Bg6 7. O-O Be7 8. b3 O-O 9. Bb2 Nbd7 10. Re1 Qc7 11. Rc1 dxc4 12. bxc4 Bh5 13. Be2 Bb4 14. Qb3 Ba5 15. h3 Rfe8 16. Red1 e5 17. Nxe5 Nxe5 18. Bxh5 Nxc4 19. Qxc4 Nxh5 20. Qc5 Bxc3 21. Bxc3 Nf6 22. d5 Ne4 23. Qd4 Nxc3 24. Qxc3 Rac8 25. dxc6 bxc6 26. Qa3 h6 27. Rc5 Qb6 28. Rdc1 Re6 29. Ra5 Rc7 30. Ra6 Qb7 31. Qa5 Rg6 32. Rc5 Rf6 33. Qa4 Qb1+ 34. Kh2 Rxf2 35. Raxc6 Rxc6 36. Qxc6 Qg6 37. Qxg6 fxg6 38. Ra5 Rf7 39. Ra6 g5 40. Kg3 Kh7 41. h4 gxh4+ 42. Kxh4 g6 43. Kg4 Kg7 44. Kg3 h5 45. Kh4 Kh6 46. g4 hxg4 47. Kxg4 Kg7 48. e4 Re7 49. Kf4 Kf7 50. e5 Kg7 51. Ke4 g5 52. Kf5 g4 53. Kxg4 Rxe5 54. Rxa7+ Kf6 55. Kf4 Re1 56. Ra6+ Ke7 57. a4 Kd7 58. Kf5 Kc7 59. Kf4 Kb7 60. Ra5 Kb6 61. Rb5+ Kc6 62. Rb4 Kc5 63. Re4 Rxe4+ 64. Kxe4 Kb4 65. Ke5 Kxa4 1/2-1/2


[Site "https://www.chess.com"]

[Event "Titled Tuesday Blitz April 4 Early 2023"]
[White "Ansh M Shah"]
[Black "Hnydiuk, Aleksander"]
[WhiteFideId "25033379"]
[BlackFideId "1109057"]
[WhiteElo "2084"]
[BlackElo "2374"]
[Result "1-0"]
[Round "09"]
[TimeControl "180+2"]
[Date "2023.04.04"]
[WhiteClock "0:01:07"]
[BlackClock "0:01:47"]

1. d4 g6 2. c4 Bg7 3. h4 h6 4. Nc3 f5 5. e4 fxe4 6. Nxe4 d5 7. Nc3 c5 8. Nxd5 e6 9. Nf4 Qxd4 10. Qxd4 Bxd4 11. Nxg6 Rh7 12. Bd3 Nc6 13. Nf3 Nf6 14. Nxd4 Nxd4 15. Be3 Bd7 16. Ne5 Rg7 17. g3 h5 18. O-O-O O-O-O 19. Bg5 Rf8 20. Rhf1 Rgg8 21. Ng6 Rf7 22. Bxf6 Rxg6 23. Bxd4 Rff6 24. Bxf6 1-0


[Site "https://www.chess.com"]

[Event "Titled Tuesday Blitz April 4 Early 2023"]
[White "I_KID_you_not"]
[Black "Fiorito, Joaquin"]
[BlackFideId "180173"]
[WhiteElo "2340"]
[BlackElo "2157"]
[Result "0-1"]
[Round "09"]
[TimeControl "180+2"]
[Date "2023.04.04"]
[WhiteClock "0:00:43"]
[BlackClock "0:00:12"]

1. e4 c6 2. d4 d5 3. exd5 cxd5 4. Bd3 Nc6 5. c3 Nf6 6. Bf4 Bg4 7. Qb3 Na5 8. Qa4+ Bd7 9. Qc2 Qb6 10. a4 Rc8 11. Nd2 Nc6 12. Qb1 e5 13. a5 Qc7 14. dxe5 Nxe5 15. Ne2 Bd6 16. Bg3 O-O 17. O-O Rfe8 18. Re1 h5 19. Bf5 g6 20. Bxd7 Qxd7 21. Nd4 Neg4 22. Qd3 h4 23. Bxd6 Qxd6 24. Qh3 Qf4 25. N2f3 Ne4 26. g3 hxg3 27. hxg3 Ng5 28. Nxg5 Qxf2+ 29. Kh1 Rxe1+ 30. Rxe1 Qxe1+ 31. Kg2 Qf2+ 32. Kh1 Qe1+ 33. Kg2 Qd2+ 0-1


[Site "https://www.chess.com"]

[Event "Titled Tuesday Blitz April 4 Early 2023"]
[White "Dobre, Claudiu-Cristian"]
[Black "Kujawski, Adam"]
[WhiteFideId "1211854"]
[BlackFideId "1100920"]
[WhiteElo "2207"]
[BlackElo "2054"]
[Result "1-0"]
[Round "09"]
[TimeControl "180+2"]
[Date "2023.04.04"]
[WhiteClock "0:00:08"]
[BlackClock "0:00:09"]

1. e4 e5 2. Nf3 Nc6 3. Bc4 Nf6 4. d3 d5 5. exd5 Nxd5 6. O-O Nb6 7. Bb5 Bd6 8. Re1 f6 9. d4 O-O 10. Bxc6 bxc6 11. dxe5 fxe5 12. Bg5 Qe8 13. Bh4 Qg6 14. Nbd2 Bf5 15. Bg3 Bxc2 16. Qc1 Bd3 17. Bxe5 Rae8 18. Qxc6 Bxe5 19. Qxg6 Bxh2+ 20. Kxh2 hxg6 21. Rac1 Rxe1 22. Rxe1 Nc4 23. Nxc4 Bxc4 24. Re7 Bxa2 25. Rxc7 Ra8 26. Ne5 g5 27. Kg3 Be6 28. Nc6 a5 29. f3 a4 30. Re7 Bd5 31. Ne5 Rb8 32. Rd7 Bb3 33. Nc6 Re8 34. Ne7+ Kf7 35. Nc8+ Ke6 36. Rd6+ Ke5 37. Rc6 Kd4 38. Rc7 Re2 39. Nb6 Rxb2 40. Rd7+ Kc5 41. Nxa4+ Bxa4 42. Rxg7 Bb5 43. Rxg5+ Kd6 44. Kf4 Bf1 45. g4 Ke6 46. Rf5 Rb4+ 47. Kg5 Be2 48. f4 Rc4 49. Re5+ Kd6 50. Rxe2 Rc1 51. f5 Rg1 52. f6 Kd7 53. Re5 Kd6 54. f7 1-0


[Site "https://www.chess.com"]

[Event "Titled Tuesday Blitz April 4 Early 2023"]
[White "Ovezdurdyyeva, Jemal"]
[Black "Novikov, Evgenij"]
[WhiteFideId "14001888"]
[BlackFideId "4125380"]
[WhiteElo "2043"]
[BlackElo "2242"]
[Result "0-1"]
[Round "09"]
[TimeControl "180+2"]
[Date "2023.04.04"]
[WhiteClock "0:00:01"]
[BlackClock "0:00:07"]

1. e4 e5 2. Nf3 Nc6 3. Bc4 Bc5 4. O-O Nf6 5. c3 d6 6. d4 Bb6 7. dxe5 dxe5 8. Qxd8+ Nxd8 9. Nxe5 Nxe4 10. Nd2 Nd6 11. Bb3 Be6 12. Ndf3 O-O 13. Bf4 Re8 14. Rfe1 Bxb3 15. axb3 Ne6 16. Be3 f6 17. Nd3 Kf7 18. b4 Nc4 19. Bxb6 axb6 20. b3 Nd6 21. Kf1 Nb5 22. c4 Nbd4 23. Nxd4 Nxd4 24. Rxa8 Rxa8 25. Rb1 Ra2 26. Nf4 c6 27. Nd3 Rd2 28. Nb2 Nxb3 29. Na4 Ra2 30. Rxb3 Rxa4 31. Ke2 Ra2+ 32. Ke3 Ke6 33. g3 g5 34. h3 h5 35. Kf3 Rc2 36. Re3+ Kf7 37. Re4 f5 0-1


[Site "https://www.chess.com"]

[Event "Titled Tuesday Blitz April 4 Early 2023"]
[White "Qashashvili, Alexandre"]
[Black "Thecourseoisildur"]
[WhiteFideId "13600842"]
[WhiteElo "2405"]
[BlackElo "2494"]
[Result "0-1"]
[Round "09"]
[TimeControl "180+2"]
[Date "2023.04.04"]
[WhiteClock "0:00:03"]
[BlackClock "0:00:31"]

1. e4 c5 2. Nc3 Nc6 3. Nf3 e6 4. Be2 Nf6 5. O-O d6 6. h3 Be7 7. Bb5 Bd7 8. Bxc6 Bxc6 9. d3 O-O 10. Re1 b5 11. e5 Bxf3 12. Qxf3 dxe5 13. Rxe5 b4 14. Ne4 Nxe4 15. Rxe4 Qd5 16. Rf4 Bd6 17. Qxd5 exd5 18. Rf5 Rfe8 19. Bd2 Re2 20. Rxd5 Rxd2 21. Rxd6 Rxc2 22. b3 Re8 23. d4 cxd4 24. Rxd4 a5 25. a3 bxa3 26. Rxa3 g6 27. Rxa5 Re1+ 28. Kh2 Rxf2 29. Rg4 f5 30. Rg3 f4 31. Rg4 Rff1 32. Ra8+ Kf7 33. Ra7+ Ke8 34. Ra8+ Kd7 35. Ra7+ Kc8 36. Rxf4 Rxf4 37. Rxh7 Re3 38. Rg7 Re6 39. Ra7 Rb4 40. Ra3 Re3 0-1


[Site "https://www.chess.com"]

[Event "Titled Tuesday Blitz April 4 Early 2023"]
[White "Orujov2008"]
[Black "Erzhanov, Arman"]
[BlackFideId "4138821"]
[WhiteElo "2289"]
[BlackElo "2138"]
[Result "0-1"]
[Round "09"]
[TimeControl "180+2"]
[Date "2023.04.04"]
[WhiteClock "0:00:02"]
[BlackClock "0:01:26"]

1. e4 d6 2. d4 Nf6 3. Nc3 e5 4. Nf3 Nbd7 5. Bc4 Be7 6. O-O O-O 7. h3 c6 8. Be3 b5 9. Bd3 a6 10. a4 b4 11. Ne2 Bb7 12. Ng3 Re8 13. Nf5 Bf8 14. Bc4 d5 15. exd5 cxd5 16. Bb3 e4 17. Nd2 g6 18. Ng3 Bd6 19. Ne2 Nh5 20. Re1 f5 21. Bh6 Qf6 22. Nc1 Nf4 23. Bxf4 Bxf4 24. Nf1 Bc7 25. c3 bxc3 26. bxc3 Rab8 27. c4 Qe6 28. cxd5 Bxd5 29. Bxd5 Qxd5 30. Ne2 Ba5 31. Ne3 Qf7 32. Rf1 Nb6 33. Qc2 Rec8 34. Qa2 Nc4 35. Nxc4 Rxc4 36. d5 Qxd5 37. Rab1 Rbc8 38. Rfd1 Qf7 39. Nf4 Bc7 40. Nd5 Be5 41. Rbc1 Rxc1 42. Rxc1 Rxc1# 0-1


[Site "https://www.chess.com"]

[Event "Titled Tuesday Blitz April 4 Early 2023"]
[White "Alberto, Manuel"]
[Black "Deuer, Marius"]
[WhiteFideId "10100148"]
[BlackFideId "16236432"]
[WhiteElo "2166"]
[BlackElo "2163"]
[Result "1-0"]
[Round "09"]
[TimeControl "180+2"]
[Date "2023.04.04"]
[WhiteClock "0:02:05"]
[BlackClock "0:00:15"]

1. e4 g6 2. d4 Bg7 3. Nc3 d6 4. f3 Nd7 5. Be3 e5 6. Nge2 f5 7. exf5 gxf5 8. dxe5 dxe5 9. Nc1 Ngf6 10. Bc4 Qe7 11. Qe2 Nb6 12. Bb3 c6 13. Nd3 Nfd5 14. Bc5 Qf6 15. Nxd5 Nxd5 16. O-O Be6 17. Rfe1 b6 18. Bd6 e4 19. fxe4 fxe4 20. Qxe4 Kd7 21. Be5 1-0


[Site "https://www.chess.com"]

[Event "Titled Tuesday Blitz April 4 Early 2023"]
[White "Omariev, Maksim"]
[Black "babbilator"]
[WhiteFideId "4193423"]
[WhiteElo "2411"]
[BlackElo "2266"]
[Result "1-0"]
[Round "09"]
[TimeControl "180+2"]
[Date "2023.04.04"]
[WhiteClock "0:00:08"]
[BlackClock "0:00:13"]

1. h4 e5 2. h5 d5 3. d3 Nc6 4. h6 Nxh6 5. Bxh6 gxh6 6. Nc3 d4 7. Ne4 f5 8. Nd2 Be6 9. c4 Qf6 10. g3 e4 11. Bg2 O-O-O 12. Qa4 Kb8 13. O-O-O e3 14. Nb3 Bd7 15. Na5 Nb4 16. Qb3 Qa6 17. Nxb7 Ba4 18. Qa3 Nxd3+ 19. Qxd3 Bxd1 20. Nxd8 Qxa2 21. Nc6+ Kc8 22. Qxf5+ 1-0


[Site "https://www.chess.com"]

[Event "Titled Tuesday Blitz April 4 Early 2023"]
[White "Tsotsonava, Elene"]
[Black "Gatterer, Florian"]
[WhiteFideId "13615939"]
[BlackFideId "811688"]
[WhiteElo "1829"]
[BlackElo "2221"]
[Result "0-1"]
[Round "09"]
[TimeControl "180+2"]
[Date "2023.04.04"]
[WhiteClock "0:02:04"]
[BlackClock "0:02:08"]

1. e4 c5 2. Nf3 e6 3. d4 cxd4 4. Nxd4 Nf6 5. Nc3 Nc6 6. Ndb5 Bc5 7. Nd6+ Ke7 8. Nc4 d5 9. exd5 exd5 10. Nd2 Ng4 11. h3 Bxf2+ 12. Ke2 Nd4+ 13. Kd3 Ne5# 0-1


[Site "https://www.chess.com"]

[Event "Titled Tuesday Blitz April 4 Early 2023"]
[White "Grabinsky, Vladimir"]
[Black "Tarasova, Viktoriya"]
[WhiteFideId "14107074"]
[BlackFideId "4175840"]
[WhiteElo "2027"]
[BlackElo "2182"]
[Result "0-1"]
[Round "09"]
[TimeControl "180+2"]
[Date "2023.04.04"]
[WhiteClock "0:00:15"]
[BlackClock "0:00:34"]

1. e4 e5 2. Nf3 Nc6 3. d4 exd4 4. c3 d5 5. exd5 Qxd5 6. cxd4 Nf6 7. Nc3 Bb4 8. Be2 O-O 9. O-O Qd8 10. Bg5 h6 11. Bh4 Be7 12. Qa4 a6 13. Rad1 b5 14. Bxb5 Nb4 15. Bc6 Nxc6 16. Qxc6 Rb8 17. Rd2 Bb7 18. Qa4 Bxf3 19. gxf3 Nh5 20. Bg3 Bg5 21. Re2 Nf4 22. Bxf4 Bxf4 23. Ne4 Qd5 24. b3 f5 25. Nc3 Qxf3 26. Qxa6 Qxc3 27. Re7 Qh3 28. Rfe1 Bxh2+ 29. Kh1 Bg3+ 30. Kg1 Qh2+ 0-1


[Site "https://www.chess.com"]